 Dungeon Crawl Stone Soup version 0.24.0-41-g2ae2f7f1be (webtiles) character file.

Game seed: 7893883884924052437, levelgen mode: deterministic

359 Descartes the Scratcher (level 6, -1/27 HPs)
             Began as a Felid Transmuter on Dec 11, 2019.
             Slain by a shadow imp (3 damage)
             ... on level 5 of the Dungeon.
             The game lasted 00:15:12 (8050 turns).

Descartes the Scratcher (Felid Transmuter)          Turns: 8050, Time: 00:15:13

Health: -1/27      AC:  2    Str:  8    XL:     6   Next: 37%
Magic:  9/11       EV: 19    Int: 15    God:
Gold:   236        SH:  0    Dex: 16    Spells: 9/10 levels left
                                        Lives:  0   Deaths: 1

rFire    . . .     SeeInvis +     - Unarmed
rCold    + . .     Gourm    .   (shield unavailable)
rNeg     . . .     Faith    .   (armour unavailable)
rPois    .         Spirit   .   (helmet unavailable)
rElec    .         Reflect  .   (cloak unavailable)
rCorr    .         Harm     .   (gloves unavailable)
MR       .....                  (boots unavailable)
Stlth    +++.......             (no amulet)
HPRegen  0.09/turn              m - ring of protection from cold
MPRegen  0.12/turn              (no ring)

@: appendage, quick
A: very small, no armour, no weapons or thrown items, stealth, claws 1, fangs 3,
horns 2, see invisible, carnivore, speed 1, shaggy fur 2, slow metabolism 1,
sharp paws
a: End Transformation


You were on level 5 of the Dungeon.
You were very full.
You had grown temporary horns.
You visited 1 branch of the dungeon, and saw 5 of its levels.

You collected 236 gold pieces.

Inventory:

Missiles
 a - 55 arrows
 n - 94 stones
Jewellery
 m - a ring of protection from cold (left paw)
Wands
 h - a wand of iceblast (5)
 l - a wand of disintegration (13)
Scrolls
 b - 2 scrolls of teleportation
 d - 2 scrolls of remove curse
 e - a scroll of immolation {unknown}
 j - 3 scrolls of magic mapping
 p - a scroll of amnesia {unknown}
 s - 3 scrolls of identify
Potions
 f - 2 potions of haste
 g - 2 potions of might
 i - a potion of invisibility {unknown}
 k - 2 potions of heal wounds
 o - a potion of cancellation {unknown}
 q - a potion of flight {unknown}
 r - a potion of resistance
Comestibles
 c - 13 rations


   Skills:
 + Level 2.5 Fighting
 + Level 4.0 Dodging
 * Level 4.4 Stealth
 * Level 4.5 Unarmed Combat
 + Level 2.9 Spellcasting
 + Level 3.4 Transmutations
 + Level 1.6 Evocations


You had 9 spell levels left.
You knew the following spells:

 Your Spells              Type           Power        Failure   Level  Hunger
a - Beastly Appendage     Tmut           ##....       4%          1    #......

Your spell library contained the following spells:

 Spells                   Type           Power        Failure   Level  Hunger
 Sticks to Snakes         Tmut           ##......     8%          2    ##.....
 Spider Form              Tmut/Pois      #.........   30%         3    ###....
 Ice Form                 Ice/Tmut       #.......     69%         4    #####..
 Blade Hands              Tmut           ##........   80%         5    ######.


Dungeon Overview and Level Annotations

Branches:
Dungeon (5/15)             Temple (0/1) D:5

Altars:
Gozag
Ru
Uskayaw
Vehumet


Innate Abilities, Weirdness & Mutations

You cannot wear armour.
You are incapable of wielding weapons or throwing items.
Your paws allow you to move quietly. (Stealth)
You have sharp claws.
You have razor-sharp teeth.
You have supernaturally acute eyesight. (SInv)
You are carnivorous and can eat meat at any time.
You cover ground quickly.
You are covered in thick fur. (AC +2)
You have a slow metabolism.
Your sharp claws are effective at attacking unaware monsters.
You have a pair of horns on your head.


Message History

There is an open door here.
You scratch the iguana but do no damage.
You headbutt the iguana.
The iguana is heavily wounded.
The iguana completely misses you. The shadow imp hits you.
You scratch the iguana.
The iguana is heavily wounded.
The iguana bites you. The shadow imp barely misses you.
You scratch the iguana but do no damage.
The iguana is heavily wounded.
The iguana bites you!
Ouch! That really hurt!
The shadow imp completely misses you.
Casting: Beastly Appendage (safe; 4% risk of failure)
Confirm with . or Enter, or press ? or * to list all spells.
You extend your transformation's duration.
The iguana bites you!
* * * LOW HITPOINT WARNING * * *
The shadow imp hits you.
You die...

##..##.#####.#
##.##.#.....#
#.##.#.# ###
#.#....#
#......####
#.........#
#......##.#
#.#....#..#
#.##.###@##
.....#..l5.#
##....#.....#
###..#.....#
...+..>..#
#.....#
#%....#
#.....#


You could see an iguana and a shadow imp.

Vanquished Creatures
  A scorpion (D:4)
  2 howler monkeys (D:4)
  An orc priest (D:4)
  A hound (D:4)
  An orc wizard (D:4)
  2 worker ants (D:4)
  A mummy (D:5)
  3 gnolls (D:4)
  4 adders
  A worm (D:2)
  A dart slug (D:1)
  5 leopard geckos
  15 orcs
  6 giant cockroaches
  7 goblins
  5 hobgoblins
  10 jackals
  6 kobolds
  3 quokkas
  3 ball pythons
  6 bats
  5 frilled lizards
  A jackal skeleton (D:4)
  2 kobold zombies (D:5)
  2 orc zombies (D:5)
  A quokka skeleton (D:4)
  8 rats
103 creatures vanquished.

Notes
Turn   | Place    | Note
-------+----------+-------------------------------------------
     0 | D:1      | Descartes the Felid Transmuter began the quest for the Orb.
     0 | D:1      | Reached XP level 1. HP: 9/9 MP: 4/4
   371 | D:1      | Reached skill level 1 in Stealth
   382 | D:1      | Reached XP level 2. HP: 10/12 MP: 4/6
  1272 | D:1      | Reached XP level 3. HP: 15/15 MP: 5/7
  2398 | D:3      | Reached XP level 4. HP: 16/19 MP: 6/8
  2940 | D:3      | You fall into a shaft and drop 1 floor!
  3198 | D:3      | Found a hide-covered altar of Uskayaw.
  3681 | D:3      | Found a radiant altar of Vehumet.
  3683 | D:3      | Found a sacrificial altar of Ru.
  3831 | D:4      | Reached XP level 5. HP: 13/22 MP: 7/9
  4347 | D:4      | Killed from afar by an orc priest
  4348 | D:4      | Reached XP level 4. HP: -4/19 MP: 8/8
  4421 | D:4      | Reached skill level 1 in Evocations
  4421 | D:4      | Reached XP level 5. HP: 15/22 MP: 9/9
  5849 | D:4      | Gained mutation: You are covered in thick fur. (AC +2)
                  | [Felid growth]
  5849 | D:4      | Reached XP level 6. HP: 25/27 MP: 9/11
  7607 | D:5      | Entered Level 5 of the Dungeon
  8002 | D:5      | Found an opulent altar of Gozag.
  8044 | D:5      | Found a staircase to the Ecumenical Temple.
  8050 | D:5      | Slain by a shadow imp

Levels and vault maps discovered:
D:1:      onia_arrival_mini_spirals, layout_loops_corners
D:2:      layout_loops_ring, roderic_serpentine_path, minmay_misc_feat_ornament
D:3:      layout_basic, lemuel_coloured_pillars_altar,
          gammafunk_temple_overflow_pools
D:4:      layout_cave_pods, first_ration
D:5:      layout_loops_ring, lemuel_round_altar, grunt_gozag_breadcrumbs,
          temple_green, minmay_mini_ossuary

Skill      XL: |  1  2  3  4  5  6 |
---------------+-------------------+-----
Stealth        | 1 2 3 4 |  4.4
Dodging        | 3 4 |  4.0
Fighting       | 2 |  2.5
Transmutations | 3 |  3.4
Unarmed Combat | 4 |  4.5
Evocations     | 1 |  1.6
Spellcasting   | |  2.9

Action                   |  1- 3 |  4- 6 || total
-------------------------+-------+-------++-------
Melee: Unarmed           |   128 |   191 ||   319
       Bite              |     9 |     9 ||    18
       Headbutt          |    14 |    25 ||    39
       Punch             |     2 |     4 ||     6
 Cast: Beastly Appendage |    29 |    48 ||    77
  Use: Scroll            |       |     7 ||     7
 Stab: Sleeping          |    14 |     4 ||    18
  Eat: Chunk             |    11 |    16 ||    27
Armor: Skin              |     5 |     7 ||    12
Dodge: Dodged            |   115 |   176 ||   291
